 Dungeon Crawl Stone Soup version 0.17.1-3-g152610e (webtiles) character file.

155199 inmateoo the Frost Mage (level 16, 0/122 HPs)
             Began as a Mummy Ice Elementalist on Apr 23, 2016.
             Was the Champion of Sif Muna.
             Slain by a naga warrior
             ... wielding a +0 mace
              (5 damage)
             ... on level 3 of the Snake Pit.
             The game lasted 02:11:46 (55871 turns).

inmateoo the Frost Mage (Mummy Ice Elementalist)   Turns: 55871, Time: 02:11:47

Health: 0/122      AC: 13    Str: 15      XL:     16   Next: 79%
Magic:  1/39       EV: 17    Int: 24 (27) God:    Sif Muna [******]
Gold:   1365       SH:  0    Dex: 20      Spells: 8 memorised, 6 levels left

rFire  + . .     SeeInvis .     C - +8 halberd of Cihej {venom, *Contam Int+2 Dex+4}
rCold  + . .     Clarity  +     V - +1 robe {rF+}
rNeg   + + +     SustAt   .     (shield currently unavailable)
rPois  ∞         Gourm    .     c - +2 helmet {Int+3}
rElec  +         Spirit   .     r - +0 cloak "Sosext" {rCorr MP+9 Int-2}
rCorr  +         Warding  .     l - +2 pair of gloves {Str+3}
rMut   .         Stasis   .     y - +2 pair of boots {Stlth+}
MR     +++++                    T - amulet of the Four Winds {Clar rN+ MR+++}
Stlth  +++.......               A - ring "Oneptos" {rElec Int+4 Dex+3}
                                W - ring "Maad Cot" {+Fly rF+ Slay+3}

@: constricted, studying Maces & Flails, repel missiles, almost entirely
resistant to hostile enchantments, fairly stealthy
A: no food or potions, fire vulnerability, cold resistance 1, negative energy
resistance 3, torment resistance, unbreathing, in touch with death 1, restore
body
a: Self-Restoration, Channel Energy, Forget Spell, Renounce Religion, Evoke
Flight
}: 1/15 runes: decaying


You were on level 3 of the Snake Pit.
You worshipped Sif Muna.
Sif Muna was exalted by your worship.
You were not hungry.

You visited 6 branches of the dungeon, and saw 35 of its levels.
You also visited: Bailey.

You collected 3971 gold pieces.
You spent 2588 gold pieces at shops.

Inventory:

Hand Weapons
 C - the +8 halberd of Cihej (weapon) {venom, *Contam Int+2 Dex+4}
   (You found it on level 9 of the Dungeon)

   It poisons the flesh of those it strikes.
   It affects your intelligence (+2).
   It affects your dexterity (+4).
   It causes magical contamination when unequipped.
Armour
 c - a +2 helmet of intelligence (worn)
 l - a +2 pair of gloves of strength (worn)
 r - the +0 cloak "Sosext" (worn) {rCorr MP+9 Int-2}
   (You acquired it on level 14 of the Dungeon)

   It affects your intelligence (-2).
   It affects your magic capacity (+9).
   It protects you from acid and corrosion.
 y - a +2 pair of boots of stealth (worn)
 V - a +1 robe of fire resistance (worn)
Jewellery
 h - an uncursed ring of invisibility
 j - an uncursed ring of ice
 o - a +3 ring of intelligence
 u - a cursed ring of teleportation
 A - the ring "Oneptos" (right hand) {rElec Int+4 Dex+3}
   (You bought it in a shop on level 9 of the Dungeon)

   [ring of dexterity]

   It affects your intelligence (+4).
   It affects your dexterity (+3).
   It insulates you from electricity.
 M - an uncursed ring of wizardry
 T - the amulet of the Four Winds (around neck) {Clar rN+ MR+++}
   (You bought it in a shop on level 9 of the Dungeon)

   [amulet of clarity]

   It provides mental clarity.
   It protects you from negative energy.
   It affects your resistance to hostile enchantments.
 W - the ring "Maad Cot" (left hand) {+Fly rF+ Slay+3}
   (You bought it in a shop on level 4 of the Orcish Mines)

   [ring of flight]

   It affects your accuracy and damage with ranged weapons and melee attacks
   (+3).
   It protects you from fire.
   It lets you fly.
 Y - the amulet "Kuerphur" {rMut Int-2 Dex+4}
   (You took it off a tengu warrior on level 12 of the Dungeon)

   [amulet of resist mutation]

   It protects you from mutation.
   It affects your intelligence (-2).
   It affects your dexterity (+4).
Wands
 a - a wand of polymorph (3)
 g - a wand of random effects (41)
 v - a wand of polymorph (9)
 L - a wand of draining (5)
 N - a wand of enslavement (12)
 O - a wand of fire (9)
 U - a wand of disintegration (6)
 X - a wand of digging (5)
Scrolls
 e - 6 scrolls of teleportation
 f - 5 scrolls of amnesia
 k - 15 scrolls of identify
 m - 15 scrolls of remove curse
 p - 8 scrolls of magic mapping
 s - a scroll of blinking
 w - 3 scrolls of recharging
 x - 6 scrolls of enchant armour
 B - a scroll of summoning
 E - 6 scrolls of fear
 G - 4 scrolls of fog
 I - 2 scrolls of enchant weapon
Books
 b - a Fen Folio

   Spells                             Type                      Level
   a - Corpse Rot                     Necromancy                   2
   b - Stone Arrow                    Conjuration/Earth            3
   c - Leda's Liquefaction            Hexes/Earth                  4
   d - Summon Forest                  Summoning/Translocation      5
   e - Hydra Form                     Transmutation                6
   f - Summon Hydra                   Summoning                    7
 d - a book of Dreams

   Spells                             Type                      Level
   a - Ensorcelled Hibernation        Hexes/Ice                    2
   b - Phase Shift                    Translocation                5
   c - Shadow Creatures               Summoning                    5
   d - Silence                        Hexes/Air                    5
   e - Darkness                       Hexes                        6
   f - Mass Confusion                 Hexes                        6
 i - Sif Muna's Volume of Glacial Arcane Weapons
   (Sif Muna gifted it to you on level 14 of the Dungeon)

   Spells                             Type                      Level
   a - Sting                          Conjuration/Poison           1
   b - Magic Dart                     Conjuration                  1
   c - Freeze                         Ice                          1
   d - Orb of Destruction             Conjuration                  7
   e - Glaciate                       Conjuration/Ice              9
 n - the Catalogue of Lucky Companions
   (You found it on level 14 of the Dungeon)

   Spells                             Type                      Level
   a - Swiftness                      Charms/Air                   2
   b - Call Imp                       Summoning                    2
   c - Summon Guardian Golem          Hexes/Summoning              3
   d - Excruciating Wounds            Charms/Necromancy            5
   e - Summon Demon                   Summoning                    5
 q - a book of Hinderance

   Spells                             Type                      Level
   a - Confusing Touch                Hexes                        2
   b - Confuse                        Hexes                        3
   c - Gell's Gravitas                Hexes/Translocation          3
   d - Petrify                        Transmutation/Earth          4
   e - Metabolic Englaciation         Hexes/Ice                    5
 t - a book of Transfigurations

   Spells                             Type                      Level
   a - Stoneskin                      Transmutation/Earth          2
   b - Irradiate                      Conjuration/Transmutation    5
   c - Statue Form                    Transmutation/Earth          6
   d - Hydra Form                     Transmutation                6
   e - Dragon Form                    Transmutation                7
 z - a book of Air

   Spells                             Type                      Level
   a - Shock                          Conjuration/Air              1
   b - Swiftness                      Charms/Air                   2
   c - Repel Missiles                 Charms/Air                   2
   d - Static Discharge               Conjuration/Air              3
   e - Lightning Bolt                 Conjuration/Air              5
 D - a book of Battle

   Spells                             Type                      Level
   a - Infusion                       Charms                       1
   b - Shroud of Golubria             Charms/Translocation         2
   c - Song of Slaying                Charms                       2
   d - Spectral Weapon                Hexes/Charms                 3
   e - Regeneration                   Charms/Necromancy            3
 F - Sif Muna's Catalogue of Floating Attacks
   (Sif Muna gifted it to you on level 2 of the Snake Pit)

   Spells                             Type                      Level
   a - Shock                          Conjuration/Air              1
   b - Conjure Flame                  Conjuration/Fire             3
   c - Mephitic Cloud                 Conjuration/Poison/Air       3
   d - Iskenderun's Mystic Blast      Conjuration                  4
   e - Chain Lightning                Conjuration/Air              8
 K - a book of Fire

   Spells                             Type                      Level
   a - Ignite Poison                  Fire/Transmutation/Poison    3
   b - Fireball                       Conjuration/Fire             5
   c - Bolt of Fire                   Conjuration/Fire             6
   d - Delayed Fireball               Conjuration/Fire             7
   e - Ring of Flames                 Charms/Fire                  7
 P - a manual of Maces & Flails
 Q - Vido's Guide on Conjuration
   (Sif Muna gifted it to you on level 3 of the Swamp)

   Spells                             Type                      Level
   a - Throw Frost                    Conjuration/Ice              2
   b - Force Lance                    Conjuration/Translocation    4
   c - Bolt of Draining               Conjuration/Necromancy       5
   d - Lehudib's Crystal Spear        Conjuration/Earth            8
 Z - the Tome of Conjuration
   (You found it on level 12 of the Dungeon)

   Spells                             Type                      Level
   a - Stone Arrow                    Conjuration/Earth            3
   b - Force Lance                    Conjuration/Translocation    4
   c - Iron Shot                      Conjuration/Earth            6
Miscellaneous
 J - a lamp of fire
 S - a plain deck of defence {drawn: 2}


   Skills:
 + Level 10.2 Fighting
 + Level 5.4 Polearms
 - Level 9.3 Dodging
 - Level 1.8 Stealth
 + Level 10.7 Spellcasting
 - Level 8.0 Conjurations
 * Level 8.5 Summonings
 + Level 13.3 Ice Magic
 - Level 4.5 Air Magic
 + Level 9.4 Invocations
 - Level 4.0 Evocations


You had 6 spell levels left.
You knew the following spells:

 Your Spells              Type           Power        Failure   Level  Hunger
a - Freeze                Ice            ####         1%          1    N/A
b - Shadow Creatures      Summ           N/A          4%          5    N/A
c - Ozocubu's Armour      Chrm/Ice       #####...     1%          3    N/A
d - Summon Demon          Summ           ######....   4%          5    N/A
e - Throw Icicle          Conj/Ice       ######..     1%          4    N/A
f - Summon Ice Beast      Ice/Summ       ######..     1%          4    N/A
g - Repel Missiles        Chrm/Air       ###...       3%          2    N/A
h - Freezing Cloud        Conj/Ice/Air   ######....   24%         6    N/A

Dungeon Overview and Level Annotations

Branches:
Dungeon (15/15)            Temple (1/1) D:4            Lair (8/8) D:9
  Swamp (4/4) Lair:4        Snake (3/4) Lair:5        Slime (0/6) Lair:8
    Orc (4/4) D:11            Elf (0/3) Orc:3        Vaults (0/5) D:14
 Depths (0/5) D:15

Altars:
Ashenzari
Cheibriados
Dithmenos
Elyvilon
Fedhas
Gozag
Kikubaaqudgha
Makhleb
Nemelex Xobeh
Okawaru
Qazlal
Ru
Sif Muna
Trog
Vehumet
Xom
Yredelemnul
Zin
The Shining One
Jiyva

Shops:
D:6 [=(==   D:9 ==   D:11 [   D:12 %=[(   D:14 *(!   Orc:4 !![*

Annotations:
D:2 Sigmund


Innate Abilities, Weirdness & Mutations

You do not eat or drink.
Your flesh is vulnerable to fire.
You are immune to poison.
Your flesh is cold resistant.
You are immune to negative energy.
You are immune to unholy pain and torment.
You can survive without breathing.
You are in touch with the powers of death.
You can restore your body by infusing magical energy.


Message History

The mana viper is almost dead.
The shock serpent looks more healthy.
The mana viper bites you!
Unknown command.
Unknown command.
You hit the shock serpent.
The shock serpent is poisoned.
The shock serpent is almost dead.
The shock serpent barely misses you. The shock serpent bites you!
* * * LOW HITPOINT WARNING * * *
The shock serpent shocks you. You resist.
* * * LOW HITPOINT WARNING * * *
Unknown command.
Unknown command.
You slice the shock serpent!!
You kill the shock serpent!
The air sparks with electricity!
The lightning shocks you.
* * * LOW HITPOINT WARNING * * *
The mana viper misses you. The naga warrior hits you with a mace!!
* * * LOW HITPOINT WARNING * * *
The naga warrior grabs you.
You die...

.. ###. #####..
#.....########
###............#.
#................
#....S........#
#...@†.†...)..#
###..N.....)###
#.........#
####.....##
#######


You could see a naga warrior and a mana viper.

Vanquished Creatures
  A greater naga (Snake:2)
  A vault guard (D:14)
  The ghost of ThereIsNoGod the Cleaver, a journeyman MiFi of Makhleb (D:12)
  Fannar (D:12)
  2 naga warriors (Snake:2)
  2 catoblepae (Lair:8)
  3 hydras (Swamp:1)
  6 centaur warriors
  2 ghost crabs
  A queen ant (Lair:2)
  2 anacondas (Snake:2)
  6 alligators
  3 death yaks (Lair:8)
  2 shock serpents
  2 orc high priests (Orc:4)
  2 tengu warriors
  A spriggan (Swamp:4)
  Nergalle (Orc:1)
  3 unseen horrors
  An unseen horror (shapeshifter) (D:12)
  2 naga ritualists (Snake:2)
  A necromancer (D:15)
  A swamp dragon (Swamp:4)
  A golden dragon skeleton (D:15)
  An obsidian statue (D:15)
  An orange crystal statue (D:15)
  A flayed ghost (D:15)
  2 mana vipers
  6 hill giants
  4 orc knights
  A griffon (Lair:8)
  2 orc sorcerers
  2 wizards (D:14)
  A harpy (D:12)
  2 manticores
  A salamander (Snake:2)
  3 ugly things (D:14)
  An elephant (Lair:7)
  A cyclops (D:12)
  10 black mambas
  A gargoyle (D:12)
  21 spiny frogs
  3 naga magi
  A torpor snail (Lair:8)
  7 komodo dragons
  A yaktaur (D:14)
  A kobold demonologist (D:12)
  A fire drake (Lair:7)
  A guardian mummy (D:15)
  A troll (D:12)
  A polar bear (Lair:3)
  A giant leech (Swamp:4)
  An ettin zombie (D:15)
  A spriggan zombie (D:15)
  2 slime creatures
  17 yaks
  2 bog bodies (Swamp:2)
  A fire dragon zombie (D:15)
  4 shadows
  A deep elf mage (D:9)
  4 blink frogs
  3 vampires
  2 wraiths
  2 hungry ghosts
  A hog (D:4)
  10 humans (D:14)
  2 fire bats (Lair:6)
  2 wyverns
  8 hippogriffs
  Grum (D:9)
  3 wargs
  2 basilisks
  6 wolves
  3 fire elementals
  15 swamp worms
  4 nagas
  6 vampire mosquitoes
  A golden eye (shapeshifter) (D:5)
  An insubstantial wisp (Swamp:3)
  A mottled dragon (D:12)
  2 soldier ants (Lair:2)
  9 porcupines
  2 hell hounds (D:14)
  3 ice beasts
  2 black bears (D:11)
  5 swamp drakes
  25 orc warriors
  6 wasps
  3 sky beasts
  13 water moccasins
  A phantom (D:13)
  2 necrophages (D:9)
  10 ogres
  13 centaurs
  3 crocodiles
  An eye of draining (D:11)
  3 big kobolds
  Blork the orc (D:4)
  13 giant frogs
  A brain worm (D:12)
  A wyvern zombie (D:14)
  2 scorpions
  7 killer bees
  5 wights
  An electric eel (Lair:4)
  6 crimson imps
  2 giant frog zombies (D:5)
  2 jellies
  6 hounds
  5 centaur zombies
  5 centaur skeletons
  4 quasits
  17 orc priests
  30 orc wizards
  5 giant frog skeletons
  8 iguanas
  31 worker ants
  9 sheep
  2 hound zombies
  2 mummies (D:9)
  2 worker ant zombies
  27 river rats
  10 adders
  2 shadow imps
  An ooze (D:5)
  An adder zombie (D:9)
  5 worms
  4 giant geckos
  147 orcs
  5 giant cockroaches
  9 hobgoblins
  3 jackals (D:6)
  16 bats
  4 giant newts
  7 goblins
  A jackal skeleton (D:4)
  16 kobolds
  3 quokkas
  A quokka zombie (D:6)
  19 rats
  A fungus (Lair:6)
  A plant (D:9)
786 creatures vanquished.

Vanquished Creatures (collateral kills)
  the Lernaean hydra (Swamp:4)
  Norris (Snake:2)
  The ghost of nublet the Shatterer, an adept OgBe of Trog (Swamp:3)
  Rupert (D:13)
  Gastronok (Lair:2)
  2 thorn hunters
  Frances (Swamp:2)
  Roxanne (Swamp:4)
  Aizul (Swamp:4)
  Azrael (D:14)
  Snorg (Orc:2)
  A vault guard (D:14)
  4 ghost crabs
  18 hydras
  A catoblepas (Lair:8)
  3 naga warriors
  5 alligators
  An ogre mage (D:15)
  A tengu warrior (D:12)
  8 death yaks
  4 anacondas
  The ghost of bollicks1999 the Unseen, a journeyman OpAs of Dithmenos (Lair:2)
  4 spriggans (Swamp:3)
  An orc high priest (Orc:4)
  3 sea snakes (Snake:1)
  4 spriggan druids
  2 naga ritualists
  5 shambling mangroves
  A hill giant (D:12)
  10 swamp dragons
  A mana viper (Snake:2)
  3 griffons
  A necromancer (D:14)
  4 orc knights
  A wolf spider zombie (D:14)
  A salamander (Snake:1)
  A cyclops (D:12)
  12 black mambas
  3 orc sorcerers (Orc:4)
  2 elephants (Lair:8)
  2 hornets (Swamp:3)
  3 naga magi
  4 ugly things
  Maurice (D:11)
  A gargoyle (D:12)
  A centaur skeleton (D:13)
  6 komodo dragons
  19 spiny frogs
  A fire drake (Lair:8)
  A guardian mummy (D:15)
  2 trolls (Orc:4)
  A polar bear (Lair:7)
  5 blink frogs
  5 giant leeches
  14 slime creatures
  16 bog bodies
  A deep elf mage (D:15)
  A wyvern (D:12)
  A fire elemental (D:14)
  11 humans (D:14)
  27 yaks
  4 fire bats (Lair:6)
  9 wolves
  7 hippogriffs
  9 vampire mosquitoes
  3 basilisks
  2 hungry ghosts
  2 mottled dragons
  9 nagas
  2 soldier ants (Lair:2)
  3 insubstantial wisps (Swamp:3)
  A hell hound (D:14)
  9 swamp worms
  A black bear (Lair:2)
  2 water moccasins
  3 porcupines
  11 swamp drakes
  10 ogres
  9 wasps
  A necrophage (D:9)
  19 orc warriors
  An ice beast (D:15)
  2 centaurs
  11 crocodiles
  A brain worm (Lair:7)
  4 giant frogs
  A scorpion (D:10)
  4 wights (D:13)
  A jelly (D:14)
  2 electric eels (Snake:1)
  14 orc priests
  19 orc wizards
  A hound (D:13)
  An iguana (Lair:5)
  13 sheep
  5 worker ants
  An adder (D:12)
  25 river rats
  117 orcs
  4 hobgoblins (Orc:1)
  A quokka (D:10)
  A kobold (D:11)
  A butterfly (Lair:6)
  2 fungi
  A plant (Swamp:4)
590 creatures vanquished.

Vanquished Creatures (others)
  A hydra (Swamp:4)
  A spiny frog (Swamp:4)
  An orc warrior (Bailey)
  2 orc priests (Orc:4)
  4 orcs (D:11)
  17 briar patches (Swamp:4)
  24 fungi
  15 plants
  6 tentacles (Swamp:4)
  115 tentacle segments (Swamp:4)
186 creatures vanquished.

Grand Total: 1562 creatures vanquished

Notes
Turn   | Place    | Note
--------------------------------------------------------------
     0 | D:1      | inmateoo the Mummy Ice Elementalist began the quest for the Orb.
     0 | D:1      | Reached XP level 1. HP: 13/13 MP: 3/3
   487 | D:1      | Reached XP level 2. HP: 17/19 MP: 0/5
   825 | D:1      | Learned a level 2 spell: Throw Frost
  1156 | D:2      | Found a blossoming altar of Fedhas.
  1158 | D:2      | Found an ancient bone altar of Kikubaaqudgha.
  1168 | D:2      | Found a stormy altar of Qazlal.
  1169 | D:2      | Found a shimmering altar of Xom.
  1233 | D:2      | Noticed Sigmund
  1290 | D:2      | Reached XP level 3. HP: 24/24 MP: 6/6
  1371 | D:2      | Reached skill level 3 in Ice Magic
  1805 | D:3      | Reached skill level 1 in Fighting
  1861 | D:3      | Reached XP level 4. HP: 28/32 MP: 0/7
  1883 | D:3      | Learned a level 3 spell: Ozocubu's Armour
  2351 | D:4      | Reached XP level 5. HP: 30/37 MP: 1/9
  3263 | D:4      | Noticed an ogre
  3276 | D:4      | Killed an ogre
  3276 | D:4      | Reached skill level 4 in Ice Magic
  3276 | D:4      | Reached XP level 6. HP: 26/45 MP: 0/10
  3400 | D:4      | Found a staircase to the Ecumenical Temple.
  3401 | D:4      | Noticed Blork the orc
  3414 | D:4      | Killed Blork the orc
  3418 | Temple   | Entered the Ecumenical Temple
  3461 | Temple   | Became a worshipper of Sif Muna the Loreminder
  3546 | D:4      | Noticed an ogre
  3552 | D:4      | Killed an ogre
  3608 | D:4      | Noticed Purgy
  3614 | D:4      | Noticed Purgy
  3614 | D:4      | Purgy changed into Purgy the ice beast
  3616 | D:4      | Noticed Purgy
  3616 | D:4      | Purgy the ice beast changed into Purgy the hog
  3622 | D:4      | Killed Purgy the hog
  3622 | D:4      | Reached XP level 7. HP: 38/52 MP: 6/12
  4009 | D:4      | Reached skill level 5 in Ice Magic
  4437 | D:5      | Entered Level 5 of the Dungeon
  4468 | D:5      | Learned a level 4 spell: Condensation Shield
  4486 | D:5      | Noticed a fire drake
  4486 | D:5      | a brain worm changed into a fire drake
  4488 | D:5      | Noticed a shapeshifter
  4488 | D:5      | a fire drake changed into a shapeshifter
  4489 | D:5      | Noticed a golden eye
  4489 | D:5      | a shapeshifter changed into a golden eye
  4496 | D:5      | Killed a golden eye
  4496 | D:5      | Reached * piety under Sif Muna
  4663 | D:5      | Reached XP level 8. HP: 48/60 MP: 14/14
  4939 | D:5      | Found a bloodstained altar of Trog.
  5236 | D:5      | Found a sacrificial altar of Ru.
  5444 | D:5      | Reached skill level 6 in Ice Magic
  5748 | D:6      | Found Amyok's Antique Weapon Shop.
  5838 | D:6      | Found a snail-covered altar of Cheibriados.
  5865 | D:6      | Found Atzoczoo's Jewellery Shop.
  6233 | D:6      | Found Xaskowk's Jewellery Boutique.
  6270 | D:6      | Found Adoan's Jewellery Boutique.
  6472 | D:6      | Found Kaakly's Antique Armour Shoppe.
  6489 | D:6      | Reached skill level 5 in Fighting
  6489 | D:6      | Reached skill level 5 in Spellcasting
  6687 | D:6      | Reached XP level 9. HP: 65/68 MP: 6/16
  6997 | D:7      | Reached ** piety under Sif Muna
  6997 | D:7      | Reached skill level 1 in Evocations
  7498 | D:7      | Reached skill level 1 in Conjurations
  7498 | D:7      | Reached skill level 7 in Ice Magic
  7672 | D:7      | Reached skill level 1 in Invocations
  8234 | D:8      | Reached skill level 5 in Dodging
  8455 | D:8      | Learned a level 4 spell: Throw Icicle
  9095 | D:8      | Reached XP level 10. HP: 76/76 MP: 10/18
  9420 | D:9      | Found Tiaxi's Jewellery Boutique.
  9432 | D:9      | Bought the ring "Oneptos" {rElec Int+4 Dex+3} for 457 gold pieces
  9438 | D:9      | Found a flagged portal.
  9456 | D:9      | Got a translucent halberd
  9457 | D:9      | Identified the +8 halberd of Cihej {venom, *Contam Int+2 Dex+4} (You found it on level 9 of the Dungeon)
  9488 | D:9      | Learned a level 4 spell: Summon Ice Beast
  9491 | Bailey   | Entered a bailey
 10120 | Bailey   | Reached *** piety under Sif Muna
 10527 | Bailey   | Noticed an orc knight
 10638 | Bailey   | Killed an orc knight
 10638 | Bailey   | Reached skill level 8 in Ice Magic
 10989 | D:9      | Found a staircase to the Lair.
 11042 | D:9      | Found Zublorch's Jewellery Shop.
 11126 | D:9      | Noticed Grum
 11166 | D:9      | Killed Grum
 11701 | D:10     | Entered Level 10 of the Dungeon
 11701 | D:10     | Noticed a hill giant
 11710 | D:10     | Killed a hill giant
 11876 | D:10     | Reached **** piety under Sif Muna
 12062 | D:10     | Reached XP level 11. HP: 83/83 MP: 5/20
 12332 | D:11     | Found Dagredy's Armour Shoppe.
 12549 | D:11     | Found a staircase to the Orcish Mines.
 12693 | D:11     | Reached skill level 9 in Ice Magic
 12702 | D:11     | Noticed Maurice
 12709 | D:11     | Killed Maurice
 12800 | D:11     | You fall through a shaft!
 12808 | D:12     | Found Biulliv's Antique Armour Emporium.
 12851 | D:12     | Noticed ThereIsNoGod's ghost (journeyman MiFi)
 12972 | D:12     | Found Neakhylu's Antique Weapon Emporium.
 13514 | Orc:1    | Entered Level 1 of the Orcish Mines
 13568 | Orc:1    | Noticed Nergalle
 13712 | Lair:1   | Entered Level 1 of the Lair of Beasts
 13759 | Lair:1   | Reached ***** piety under Sif Muna
 14247 | Lair:2   | Noticed a queen ant
 14265 | Lair:2   | Killed a queen ant
 14387 | Lair:2   | Noticed Gastronok
 14391 | Lair:2   | Noticed bollicks1999's ghost (journeyman OpAs)
 14420 | Lair:2   | Killed bollicks1999's ghost
 14872 | Lair:2   | Killed Gastronok
 15044 | Lair:3   | Reached skill level 1 in Summonings
 15044 | Lair:3   | Reached XP level 12. HP: 84/91 MP: 19/23
 15434 | Lair:3   | Reached skill level 5 in Invocations
 15571 | Lair:3   | Reached skill level 5 in Conjurations
 16853 | Lair:3   | Reached skill level 10 in Ice Magic
 17183 | Lair:4   | Noticed a five-headed hydra
 17191 | Lair:4   | Killed a five-headed hydra
 17567 | Lair:4   | Reached ****** piety under Sif Muna
 17567 | Lair:4   | Received a gift from Sif Muna
 17580 | Lair:4   | Identified Sif Muna's Reference Book on the Glacial Escort (Sif Muna gifted it to you on level 4 of the Lair of Beasts)
 18083 | Lair:4   | Found a staircase to the Swamp.
 18779 | Lair:5   | Found a staircase to the Snake Pit.
 19554 | Lair:6   | Gained mutation: You are in touch with the powers of death. [Mummy growth]
 19554 | Lair:6   | Gained mutation: You can restore your body by infusing magical energy. [Mummy growth]
 19554 | Lair:6   | Reached XP level 13. HP: 77/99 MP: 10/25
 19884 | Lair:6   | Noticed a six-headed hydra
 19895 | Lair:6   | Killed a seven-headed hydra
 20090 | D:9      | Bought the amulet of the Four Winds {Clar rN+ MR+++} for 551 gold pieces
 20203 | Orc:1    | Killed Nergalle
 21168 | Orc:2    | Noticed Snorg
 21178 | Orc:2    | Killed Snorg
 21854 | Orc:3    | Found a staircase to the Elven Halls.
 22188 | Orc:4    | Entered Level 4 of the Orcish Mines
 24068 | Orc:4    | Reached skill level 11 in Ice Magic
 24451 | Orc:4    | Found Fahoz's Distillery.
 24451 | Orc:4    | Found Tivemot's Distillery.
 24453 | Orc:4    | Found Loman's Assorted Antiques.
 24453 | Orc:4    | Found Oqemieme's Antique Armour Shoppe.
 24462 | Orc:4    | Bought a glowing helmet for 139 gold pieces
 24462 | Orc:4    | Bought an embroidered cloak for 139 gold pieces
 24521 | Orc:4    | Received a gift from Sif Muna
 24525 | Orc:4    | Identified Sif Muna's Reference Book on Gliding Ice (Sif Muna gifted it to you on level 4 of the Orcish Mines)
 24659 | Orc:4    | Learned a level 2 spell: Repel Missiles
 24667 | Orc:4    | Learned a level 6 spell: Freezing Cloud
 24859 | Orc:4    | Bought a shiny buckler for 130 gold pieces
 24859 | Orc:4    | Bought a faintly glowing lead ring for 145 gold pieces
 24861 | Orc:4    | Identified the ring "Maad Cot" {+Fly rF+ Slay+3} (You bought it in a shop on level 4 of the Orcish Mines)
 26884 | Lair:8   | Entered Level 8 of the Lair of Beasts
 27104 | Lair:8   | Found a viscous altar of Jiyva.
 27104 | Lair:8   | Found a staircase to the Slime Pits.
 27173 | Lair:8   | Reached skill level 1 in Air Magic
 29092 | Lair:8   | Reached XP level 14. HP: 73/108 MP: 15/26
 30603 | D:12     | Noticed a hill giant
 30610 | D:12     | Killed a hill giant
 30678 | D:12     | Found Kaakly's Food Emporium.
 30850 | D:12     | Killed an unseen horror
 30887 | D:12     | Received a gift from Sif Muna
 31163 | D:12     | Bought an ebony glaive for 299 gold pieces
 31163 | D:12     | Identified the +3 glaive of Wivosaok {freeze, +Rage rPois} (You bought it in a shop on level 12 of the Dungeon)
 31179 | D:12     | Noticed a hill giant
 31185 | D:12     | Killed a hill giant
 31217 | D:12     | Noticed an eight-headed hydra
 31493 | D:12     | Noticed a centaur warrior
 31494 | D:12     | Noticed a hill giant
 31509 | D:12     | Killed a centaur warrior
 31516 | D:12     | Killed a hill giant
 31813 | D:12     | Noticed a tengu warrior
 31928 | D:12     | Noticed a centaur warrior
 31966 | D:12     | Killed a centaur warrior
 32174 | D:12     | Noticed Fannar
 32269 | D:12     | Killed Fannar
 32330 | D:12     | Noticed a five-headed hydra
 32395 | D:12     | Killed ThereIsNoGod's ghost
 32477 | D:12     | Noticed a tengu warrior
 32483 | D:12     | Killed a tengu warrior
 32483 | D:12     | Reached skill level 12 in Ice Magic
 32570 | D:12     | Got a twitching diamond amulet
 32573 | D:12     | Identified the amulet "Kuerphur" {rMut Int-2 Dex+4} (You took it off a tengu warrior on level 12 of the Dungeon)
 32584 | D:12     | Reached skill level 1 in Polearms
 32613 | D:12     | Killed a tengu warrior
 32760 | D:12     | Identified the Tome of Conjuration
 32780 | D:12     | Found Tiret's Jewellery Boutique.
 32817 | D:12     | Killed an eight-headed hydra
 32991 | D:12     | Killed a five-headed hydra
 33008 | D:12     | Noticed a hill giant
 33010 | D:12     | Killed a hill giant
 33304 | D:12     | Noticed a hill giant
 33311 | D:12     | Killed a hill giant
 33972 | D:13     | Noticed Rupert
 34054 | D:13     | Got a pair of faintly glowing gloves
 34065 | D:13     | Identified the +1 pair of gloves of Fashionability {rF- rN+ Int+4} (You found it on level 13 of the Dungeon)
 34598 | D:13     | Killed Rupert
 34854 | D:14     | Found Seprug's Weapon Boutique.
 35118 | D:14     | Noticed Azrael
 35310 | D:14     | Killed Azrael
 35829 | D:14     | Reached XP level 15. HP: 91/113 MP: 4/28
 36069 | D:14     | Learned a level 5 spell: Shadow Creatures
 36072 | D:14     | Found Daqaunif's General Store.
 36080 | D:14     | Bought a scroll of acquirement for 728 gold pieces
 36083 | D:14     | Got a shimmering cloak
 36085 | D:14     | Identified the +0 cloak "Sosext" {rCorr MP+9 Int-2} (You acquired it on level 14 of the Dungeon)
 36186 | D:14     | Received a gift from Sif Muna
 36189 | D:14     | Identified Sif Muna's Volume of Glacial Arcane Weapons (Sif Muna gifted it to you on level 14 of the Dungeon)
 36475 | D:14     | Found Herusch's Distillery.
 36583 | D:14     | Found a gate to the Vaults.
 36589 | D:14     | Identified the Catalogue of Lucky Companions
 36680 | D:15     | Entered Level 15 of the Dungeon
 37143 | D:15     | Found an opulent altar of Gozag.
 37347 | D:15     | Found a staircase to the Depths.
 42043 | Swamp:1  | Entered Level 1 of the Swamp
 42098 | Swamp:1  | Reached skill level 5 in Summonings
 43521 | Swamp:1  | Learned a level 5 spell: Summon Demon
 43930 | Swamp:2  | Noticed Frances
 44198 | Swamp:2  | Killed Frances
 44568 | Swamp:2  | Reached skill level 10 in Spellcasting
 45656 | Swamp:3  | Noticed nublet's ghost (adept OgBe)
 46527 | Swamp:3  | Noticed a thorn hunter
 47015 | Swamp:3  | Killed nublet's ghost
 47015 | Swamp:3  | Received a gift from Sif Muna
 47018 | Swamp:3  | Identified Vido's Guide on Conjuration (Sif Muna gifted it to you on level 3 of the Swamp)
 47193 | Swamp:3  | Killed a thorn hunter
 47592 | Swamp:4  | Entered Level 4 of the Swamp
 48394 | Swamp:4  | Reached XP level 16. HP: 81/120 MP: 25/30
 48591 | Swamp:4  | Noticed a thorn hunter
 48951 | Swamp:4  | Killed a thorn hunter
 48951 | Swamp:4  | Reached skill level 13 in Ice Magic
 49110 | Swamp:4  | Noticed Aizul
 49652 | Swamp:4  | Killed Aizul
 50292 | Swamp:4  | Noticed Roxanne
 50434 | Swamp:4  | Noticed the 27-headed Lernaean hydra
 51546 | Swamp:4  | Killed the 27-headed Lernaean hydra
 51612 | Swamp:4  | Got a decaying rune of Zot
 51929 | Swamp:4  | Killed Roxanne
 52055 | Swamp:1  | Reached skill level 5 in Polearms
 52263 | Snake:1  | Entered Level 1 of the Snake Pit
 54554 | Snake:2  | Reached skill level 10 in Fighting
 55138 | Snake:2  | Noticed Norris
 55604 | Snake:2  | Killed Norris
 55604 | Snake:2  | Received a gift from Sif Muna
 55658 | Snake:2  | Identified Sif Muna's Catalogue of Floating Attacks (Sif Muna gifted it to you on level 2 of the Snake Pit)
 55851 | Snake:2  | You fall through a shaft!
 55871 | Snake:3  | HP: 5/122 [naga warrior/mace (20)]
 55871 | Snake:3  | Slain by a naga warrior

Action                   |  1- 3 |  4- 6 |  7- 9 | 10-12 | 13-15 | 16-18 || total
-------------------------+-------+-------+-------+-------+-------+-------++-------
Melee: Club              |    20 |       |       |       |       |       ||    20
       Short sword       |     5 |     6 |       |       |       |       ||    11
       War axe           |       |    16 |    57 |       |       |       ||    73
       Flail             |       |       |   124 |     4 |       |       ||   128
       Hand axe          |       |       |    40 |       |       |       ||    40
       Halberd           |       |       |       |   774 |  1115 |   190 ||  2079
 Cast: Freeze            |    72 |    70 |   269 |     6 |       |       ||   417
       Ozocubu's Armour  |       |     2 |    26 |    62 |    58 |     5 ||   153
       Throw Frost       |       |     1 |     1 |       |       |       ||     2
       Condensation Shie |       |       |     3 |    10 |    21 |       ||    34
       Summon Ice Beast  |       |       |       |   157 |   553 |       ||   710
       Throw Icicle      |       |       |       |    10 |     4 |     6 ||    20
       Repel Missiles    |       |       |       |       |     7 |     1 ||     8
       Freezing Cloud    |       |       |       |       |    37 |     1 ||    38
       Shadow Creatures  |       |       |       |       |   146 |   245 ||   391
       Summon Demon      |       |       |       |       |    22 |    11 ||    33
Invok: Channel Energy    |       |       |    15 |    24 |   129 |    75 ||   243
 Abil: Evoke Flight      |       |       |       |       |     3 |       ||     3
Evoke: Wand              |       |     3 |    16 |       |     7 |     3 ||    29
       Deck              |       |       |       |     2 |     8 |       ||    10
       Lamp of fire      |       |       |       |       |     2 |     2 ||     4
  Use: Scroll            |     8 |     2 |     3 |    10 |    26 |     5 ||    54
 Stab: Sleeping          |       |       |     3 |    31 |     9 |     5 ||    48
       Distracted        |       |       |       |    12 |    38 |     6 ||    56
       Confused          |       |       |       |     1 |       |       ||     1
